Map: Magannatha LE

Players

mares

  • Race: Protoss Protoss
  • Spawn Location: 5:00

A.I. 1 (Very Easy) - Winner!

  • Race: Terran Terran
  • Spawn Location: 11:00

VOD

Have the link to the VOD?

Description

Time

  • Played on: June 8, 2025, 5:17 a.m.
  • Length: 4:40
Show
View Real Time Build Order
Export as new Build Order

mares Protoss 

Build Orders: 1 Gate Expand, Dark Templar Rush 

Get SALT Encoding   

  6  0:00  Probe  
  13  0:12  Probe  
  14  0:17  Pylon  
  14  0:24  Probe  
  15  0:35  Probe  
  15  0:36  Gateway  
  15  0:41  Assimilator  
  16  0:43  Probe  
  17  0:51  Probe  
  18  1:03  Probe  
  19  1:15  Probe  
  20  1:22  Cybernetics Core  
  20  1:31  Nexus  
  20  1:36  Probe  
  21  1:42  Pylon  
  21  1:48  Stalker, Probe  
  21  1:51  Assimilator  
  24  2:01  Probe  
  24  2:03  Warp Gate  
  25  2:14  Probe  
  28  2:28  Twilight Council  
  26  2:31  Probe  
  26  2:32  Pylon  
  27  2:43  Probe  
  28  2:44  Probe  
  28  2:50  Robotics Facility  
  29  2:56  Probe x2  
  31  3:09  Probe  
  31  3:10  Probe  
  33  3:14  Dark Shrine  
  33  3:20  Gateway  
  33  3:24  Gateway  
  33  3:26  Gateway  
  33  3:29  Probe  
  33  3:30  Probe  
  35  3:37  Assimilator, Warp Prism  
  35  3:38  Assimilator  
  37  3:52  Probe x2  
  39  4:04  Probe x2  
  41  4:16  Probe x2  
  43  4:26  Dark Templar x4  
Show
View Real Time Build Order
Export as new Build Order

A.I. 1 (Very Easy) Terran - Winner!

Build Orders:  

Get SALT Encoding   

  6  0:00  SCV  
  13  0:13  SCV  
  14  0:18  Supply Depot  
  14  0:38  Refinery  
  14  0:43  Barracks  
  14  1:04  Supply Depot  
  14  1:13  Refinery  
  14  1:30  Marine, SCV  
  16  1:42  SCV  
  17  1:54  SCV  
  18  2:02  Marine  
  18  2:06  SCV  
  20  2:18  SCV  
  21  2:30  SCV  
  21  2:34  Marine  
  23  2:44  Orbital Command  
Tags
 
Add a new tag
Caveats
  • Supply blocks, unpowered buildings, or Contaminate may cause inaccurate times.
  • Supply counts are checked every 10 seconds.